NCAA
MISSOURI TIGERS @ GEORGIA BULLDOGS
05/14/2027
 
TOP OF THE 1ST
Missouri Tigers batting - Pitching for Georgia Bulldogs : RHP Jason Rose
Pitching: RHP Jason Rose
Batting: LHB Joe Hanson 0-0: Fly out, F9 (Flyball, 89S)
Batting: RHB Norman Dye 0-0: Ground out 3-1 (Groundball, 34S)
Batting: RHB Sean White 0-0: Called Strike
0-1: Fly out, F6 (Popup, 56D)
Top of the 1st over - 0 run(s), 0 hit(s), 0 error(s), 0 left on base; Missouri 0 - Georgia 0
BOTTOM OF THE 1ST
Georgia Bulldogs batting - Pitching for Missouri Tigers : LHP Dan Castro
Pitching: LHP Dan Castro
Batting: LHB Sandro Márquez 0-0: Called Strike
0-1: Called Strike
0-2: SINGLE (Line Drive, 34D)
Batting: RHB Gerald Miller 0-0: Fielders Choice at 2nd, 5-4 (Groundball, 56)
Batting: LHB Artie Connor 0-0: Ball
Gerald Miller steals 2nd base
1-0: Ball
2-0: Fly out, F8 (Flyball, 8RS)
Batting: RHB Tom Stoltz 0-0: DOUBLE (Line Drive, 7LM)
Gerald Miller scores
Batting: SHB Jean-François St-Amant 0-0: Called Strike
0-1: Ground out 5-3 (Groundball, 56)
Bottom of the 1st over - 1 run(s), 2 hit(s), 0 error(s), 1 left on base; Missouri 0 - Georgia 1
TOP OF THE 2ND
Missouri Tigers batting - Pitching for Georgia Bulldogs : RHP Jason Rose
Batting: LHB William Harris 0-0: Ball
1-0: Ball
2-0: Called Strike
2-1: Ball
3-1: Base on Balls
Batting: RHB Wesley Fuller 0-0: Ball
1-0: Fly out, F9 (Flyball, 89S)
Batting: RHB Raymond Kerr 0-0: Called Strike
0-1: Swinging Strike
0-2: Ball
1-2: Strikes out swinging
Batting: LHB Joe Lowery 0-0: Swinging Strike
0-1: Called Strike
0-2: Ball
1-2: Foul Ball, location: 2F
1-2: Strikes out looking
Top of the 2nd over - 0 run(s), 0 hit(s), 0 error(s), 1 left on base; Missouri 0 - Georgia 1
BOTTOM OF THE 2ND
Georgia Bulldogs batting - Pitching for Missouri Tigers : LHP Dan Castro
Batting: SHB Nate Harrington 0-0: Ball
1-0: Ball
2-0: Called Strike
2-1: Called Strike
2-2: Ground out 6-3 (Groundball, 6)
Batting: RHB Jeff Allen 0-0: Ball
1-0: Ground out 6-3 (Groundball, 6)
Batting: RHB Juan Cruz 0-0: Called Strike
0-1: Foul Ball, location: 2F
0-2: Ball
1-2: Foul Ball, location: 2F
1-2: Ground out 5-3 (Groundball, 56S)
Bottom of the 2nd over - 0 run(s), 0 hit(s), 0 error(s), 0 left on base; Missouri 0 - Georgia 1
TOP OF THE 3RD
Missouri Tigers batting - Pitching for Georgia Bulldogs : RHP Jason Rose
Batting: SHB Jim Flynn 0-0: Ball
1-0: Called Strike
1-1: Ball
2-1: Ball
3-1: Base on Balls
Batting: RHB Alec Goodman 0-0: Hit by Pitch
Jim Flynn to second
Batting: LHB Joe Hanson 0-0: Fly out, F3 (Popup, 3S)
Batting: RHB Norman Dye 0-0: Ball
1-0: Swinging Strike
1-1: Grounds into double play, 6-4-3 (Groundball, 6)
Top of the 3rd over - 0 run(s), 0 hit(s), 0 error(s), 1 left on base; Missouri 0 - Georgia 1
BOTTOM OF THE 3RD
Georgia Bulldogs batting - Pitching for Missouri Tigers : LHP Dan Castro
Batting: RHB Ángel Torres 0-0: Ball
1-0: Ball
2-0: Called Strike
2-1: Foul Ball, location: 2F
2-2: Ball
3-2: Base on Balls
Batting: LHB Sandro Márquez 0-0: Ball
1-0: Foul Ball, location: 2F
1-1: Ball
2-1: Called Strike
2-2: Strikes out swinging
Batting: RHB Gerald Miller 0-0: Ball
1-0: Ball
2-0: Ball
3-0: Called Strike
3-1: Foul Ball, location: 2F
3-2: Foul Ball, location: 2F
3-2: Fly out, F8 (Flyball, 8RD)
Batting: LHB Artie Connor 0-0: Ball
1-0: Foul Ball, location: 2F
1-1: Ground out 6-3 (Groundball, 6M)
Bottom of the 3rd over - 0 run(s), 0 hit(s), 0 error(s), 1 left on base; Missouri 0 - Georgia 1
TOP OF THE 4TH
Missouri Tigers batting - Pitching for Georgia Bulldogs : RHP Jason Rose
Batting: RHB Sean White 0-0: Ball
1-0: Fly out, F8 (Flyball, 78M)
Batting: LHB William Harris 0-0: Swinging Strike
0-1: Foul Ball, location: 2F
0-2: Strikes out swinging
Batting: RHB Wesley Fuller 0-0: Ball
1-0: Called Strike
1-1: Fly out, F7 (Flyball, 7D)
Top of the 4th over - 0 run(s), 0 hit(s), 0 error(s), 0 left on base; Missouri 0 - Georgia 1
BOTTOM OF THE 4TH
Georgia Bulldogs batting - Pitching for Missouri Tigers : LHP Dan Castro
Batting: RHB Tom Stoltz 0-0: Ball
1-0: Foul Ball, location: 2F
1-1: Ground out 4-3 (Groundball, 4)
Batting: SHB Jean-François St-Amant 0-0: Called Strike
0-1: Called Strike
0-2: Strikes out looking
Batting: SHB Nate Harrington 0-0: Swinging Strike
0-1: Ball
1-1: Swinging Strike
1-2: Strikes out swinging
Bottom of the 4th over - 0 run(s), 0 hit(s), 0 error(s), 0 left on base; Missouri 0 - Georgia 1
TOP OF THE 5TH
Missouri Tigers batting - Pitching for Georgia Bulldogs : RHP Jason Rose
Batting: RHB Raymond Kerr 0-0: Called Strike
0-1: Ball
1-1: Swinging Strike
1-2: Strikes out looking
Batting: LHB Joe Lowery 0-0: Called Strike
0-1: Ball
1-1: Ball
2-1: Swinging Strike
2-2: Ball
3-2: Base on Balls
Batting: SHB Jim Flynn 0-0: Swinging Strike
0-1: Hit by Pitch
Joe Lowery to second
Batting: RHB Alec Goodman 0-0: Foul Ball, location: 2F
0-1: Called Strike
0-2: Foul Ball, location: 2F
0-2: Fly out, F9 (Flyball, 9LSF)
Batting: LHB Joe Hanson 0-0: Ball
1-0: Fly out, F8 (Flyball, 8RM)
Top of the 5th over - 0 run(s), 0 hit(s), 0 error(s), 2 left on base; Missouri 0 - Georgia 1
BOTTOM OF THE 5TH
Georgia Bulldogs batting - Pitching for Missouri Tigers : LHP Dan Castro
Batting: RHB Jeff Allen 0-0: Bunt missed!
0-1: Fly out, F7 (Flyball, 78M)
Batting: RHB Juan Cruz 0-0: Ground out 4-3 (Groundball, 4)
Batting: RHB Ángel Torres 0-0: Ground out 6-3 (Groundball, 6)
Bottom of the 5th over - 0 run(s), 0 hit(s), 0 error(s), 0 left on base; Missouri 0 - Georgia 1
TOP OF THE 6TH
Missouri Tigers batting - Pitching for Georgia Bulldogs : RHP Jason Rose
Batting: RHB Norman Dye 0-0: Ball
1-0: Ball
2-0: Ball
3-0: Called Strike
3-1: Swinging Strike
3-2: Strikes out swinging
Batting: RHB Sean White 0-0: Swinging Strike
0-1: Fly out, F8 (Flyball, 8RM)
Batting: LHB William Harris 0-0: Called Strike
0-1: Foul Ball, location: 2F
0-2: Ball
1-2: Ball
2-2: Ball
3-2: Fly out, F8 (Flyball, 8LM)
Top of the 6th over - 0 run(s), 0 hit(s), 0 error(s), 0 left on base; Missouri 0 - Georgia 1
BOTTOM OF THE 6TH
Georgia Bulldogs batting - Pitching for Missouri Tigers : LHP Dan Castro
Batting: LHB Sandro Márquez 0-0: Ball
1-0: Ball
2-0: Ball
3-0: Called Strike
3-1: Foul Ball, location: 2F
3-2: Foul Ball, location: 2F
3-2: Base on Balls
Batting: RHB Gerald Miller 0-0: Ball
1-0: Called Strike
1-1: Called Strike
1-2: Fly out, F3 (Popup, 3L)
Batting: LHB Artie Connor 0-0: Called Strike
0-1: Ball
1-1: Foul Ball, location: 2F
1-2: Ball
2-2: Strikes out swinging
Batting: RHB Tom Stoltz 0-0: Ball
1-0: Swinging Strike
1-1: Ball
2-1: Ball
3-1: Foul Ball, location: 2F
3-2: Foul Ball, location: 2F
3-2: Ground out 4-3 (Groundball, 4)
Bottom of the 6th over - 0 run(s), 0 hit(s), 0 error(s), 1 left on base; Missouri 0 - Georgia 1
TOP OF THE 7TH
Missouri Tigers batting - Pitching for Georgia Bulldogs : RHP Jason Rose
Batting: RHB Wesley Fuller 0-0: Ball
1-0: Ball
2-0: Foul Ball, location: 2F
2-1: Swinging Strike
2-2: Foul Ball, location: 2F
2-2: Ball
3-2: Base on Balls
Batting: RHB Raymond Kerr 0-0: Bunted foul
0-1: Ball
1-1: Sac Bunt - play at first, batter safe!
Wesley Fuller to second
Pitching: RHP Bob Freitas
Batting: LHB Joe Lowery 0-0: Ball
1-0: Called Strike
1-1: Foul Ball, location: 2F
1-2: SINGLE (Line Drive, 4MD)
Wesley Fuller to third
Raymond Kerr to second
Batting: SHB Jim Flynn 0-0: Foul Ball, location: 2F
0-1: Swinging Strike
0-2: Ball
1-2: Strikes out looking
Batting: RHB Alec Goodman 0-0: Called Strike
0-1: Foul Ball, location: 2F
0-2: Strikes out swinging
Batting: LHB Joe Hanson 0-0: Foul Ball, location: 2F
0-1: Fielders Choice at 2nd, U6 (Groundball, 6M)
Top of the 7th over - 0 run(s), 2 hit(s), 0 error(s), 3 left on base; Missouri 0 - Georgia 1
BOTTOM OF THE 7TH
Georgia Bulldogs batting - Pitching for Missouri Tigers : LHP Dan Castro
Pitching: LHP Edward Hebert
Batting: SHB Jean-François St-Amant 0-0: Called Strike
0-1: Ground out 6-3 (Groundball, 6)
Batting: SHB Nate Harrington 0-0: Ball
1-0: Ball
2-0: Ball
3-0: Base on Balls
Batting: RHB Jeff Allen 0-0: Called Strike
Nate Harrington steals 2nd base
0-1: Foul Ball, location: 2F
0-2: Ground out 5-3 (Groundball, 5)
Batting: RHB Juan Cruz 0-0: Foul Ball, location: 2F
0-1: Ball
1-1: Foul Ball, location: 2F
1-2: Ball
2-2: Ball
3-2: Strikes out looking
Bottom of the 7th over - 0 run(s), 0 hit(s), 0 error(s), 1 left on base; Missouri 0 - Georgia 1
TOP OF THE 8TH
Missouri Tigers batting - Pitching for Georgia Bulldogs : RHP Bob Freitas
Batting: RHB Norman Dye 0-0: Foul Ball, location: 2F
0-1: Foul Ball, location: 2F
0-2: Ball
1-2: Ball
2-2: Ball
3-2: Foul Ball, location: 2F
3-2: Ground out 6-3 (Groundball, 6)
Batting: RHB Sean White 0-0: SINGLE (Flyball, 9LM)
Pitching: LHP Dave Moser
Batting: LHB William Harris 0-0: SINGLE (Groundball, 6D)
Sean White to second
Pitching: RHP Trey Dickson
Batting: RHB Wesley Fuller 0-0: Fly out, F1 (Line Drive, 13)
Pinch Hitting: RHB Ron Gilbert 0-0: Foul Ball, location: 2F
0-1: Ball
1-1: Ball
2-1: Called Strike
2-2: SINGLE (Flyball, 8LS)
Sean White to third
William Harris to second
Runner from 3rd tries for Home, SAFE, no throw
Batting: LHB Joe Lowery 0-0: Foul Ball, location: 2F
0-1: Foul Ball, location: 2F
0-2: SINGLE (Groundball, 5D)
William Harris to third
Ron Gilbert to second
Runner from 3rd tries for Home, SAFE, throw made at trailing runner, OUT at third!
Top of the 8th over - 2 run(s), 4 hit(s), 0 error(s), 1 left on base; Missouri 2 - Georgia 1
BOTTOM OF THE 8TH
Georgia Bulldogs batting - Pitching for Missouri Tigers : LHP Edward Hebert
Pitching: RHP José Richardson
Now in RF: Francisco Alou
Batting: RHB Ángel Torres 0-0: Ball
1-0: Ball
2-0: Ground out 5-3 (Groundball, 56S)
Pitching: LHP Zi-cheng Luo
Batting: LHB Sandro Márquez 0-0: Ball
1-0: SINGLE (Groundball, 34D)
Pitching: RHP Merlin Baker
Batting: RHB Gerald Miller 0-0: Ball
1-0: Called Strike
1-1: Fly out, F9 (Flyball, 9)
Pitching: LHP Alfonso Cardenas
Batting: LHB Artie Connor 0-0: Ball
1-0: Foul Ball, location: 2F
1-1: Ball
2-1: Foul Ball, location: 2F
2-2: SINGLE (Groundball, 34D)
Sandro Márquez to second
Runner from 2nd tries for 3rd, SAFE, throw made to third
Pitching: RHP Teddy Foster
Batting: RHB Tom Stoltz 0-0: Called Strike
0-1: Swinging Strike
0-2: Ball
1-2: SINGLE (Groundball, 34D)
Sandro Márquez scores
Artie Connor to second
Runner from 2nd tries for 3rd, SAFE, throw made to third
Batting: SHB Jean-François St-Amant 0-0: Ground out 6-3 (Groundball, 6MD)
Bottom of the 8th over - 1 run(s), 3 hit(s), 0 error(s), 2 left on base; Missouri 2 - Georgia 2
TOP OF THE 9TH
Missouri Tigers batting - Pitching for Georgia Bulldogs : RHP Trey Dickson
Pitching: RHP Lance Johnson
Batting: SHB Jim Flynn 0-0: Ball
1-0: Foul Ball, location: 2F
1-1: Foul Ball, location: 2F
1-2: Ball
2-2: Strikes out looking
Batting: RHB Alec Goodman 0-0: Ball
1-0: Ball
2-0: Ball
3-0: Base on Balls
Batting: LHB Joe Hanson 0-0: Ball
1-0: Swinging Strike
1-1: Called Strike
1-2: Ball
2-2: Strikes out swinging
Batting: RHB Norman Dye 0-0: Ball
Alec Goodman steals 2nd base
1-0: Called Strike
1-1: Foul Ball, location: 2F
1-2: Ball
2-2: Foul Ball, location: 2F
2-2: Strikes out looking
Top of the 9th over - 0 run(s), 0 hit(s), 0 error(s), 1 left on base; Missouri 2 - Georgia 2
BOTTOM OF THE 9TH
Georgia Bulldogs batting - Pitching for Missouri Tigers : RHP Teddy Foster
Batting: SHB Nate Harrington 0-0: Ball
1-0: Swinging Strike
1-1: Ball
2-1: Foul Ball, location: 2F
2-2: Strikes out swinging
Pinch Hitting: RHB Chris Whittier 0-0: Ball
1-0: Foul Ball, location: 2F
1-1: Ball
2-1: Swinging Strike
2-2: Strikes out swinging
Batting: RHB Juan Cruz 0-0: Ball
1-0: Foul Ball, location: 2F
1-1: Ball
2-1: Foul Ball, location: 2F
2-2: Strikes out swinging
Bottom of the 9th over - 0 run(s), 0 hit(s), 0 error(s), 0 left on base; Missouri 2 - Georgia 2
TOP OF THE 10TH
Missouri Tigers batting - Pitching for Georgia Bulldogs : RHP Lance Johnson
Now at SS: Chris Whittier
Batting: RHB Sean White 0-0: Called Strike
0-1: Called Strike
0-2: Ball
1-2: Fly out, F9 (Flyball, 9S)
Batting: LHB William Harris 0-0: Ball
1-0: Ground out 1-3 (Groundball, 13)
Batting: RHB Wesley Fuller 0-0: Ball
1-0: Fly out, F8 (Flyball, 8LM)
Top of the 10th over - 0 run(s), 0 hit(s), 0 error(s), 0 left on base; Missouri 2 - Georgia 2
BOTTOM OF THE 10TH
Georgia Bulldogs batting - Pitching for Missouri Tigers : RHP Teddy Foster
Batting: RHB Ángel Torres 0-0: Foul Ball, location: 2F
0-1: Called Strike
0-2: Fly out, F3 (Line Drive, 34)
Batting: LHB Sandro Márquez 0-0: SINGLE (Groundball, 6MD)
Batting: RHB Gerald Miller 0-0: Ball
1-0: Ball
2-0: Called Strike
2-1: Fly out, F9 (Flyball, 9S)
Batting: LHB Artie Connor 0-0: Called Strike
0-1: Called Strike
0-2: Ball
1-2: Strikes out swinging
Bottom of the 10th over - 0 run(s), 1 hit(s), 0 error(s), 1 left on base; Missouri 2 - Georgia 2
TOP OF THE 11TH
Missouri Tigers batting - Pitching for Georgia Bulldogs : RHP Lance Johnson
Pitching: RHP Norberto Pérez
Batting: RHB Francisco Alou 0-0: Ball
1-0: Ball
2-0: Foul Ball, location: 2F
2-1: Ball
3-1: Fly out, F7 (Flyball, 7D)
Batting: LHB Joe Lowery 0-0: Ball
1-0: Ground out 6-3 (Groundball, 6)
Batting: SHB Jim Flynn 0-0: Ball
1-0: Called Strike
1-1: Ball
2-1: Foul Ball, location: 2F
2-2: Foul Ball, location: 2F
2-2: Strikes out looking
Top of the 11th over - 0 run(s), 0 hit(s), 0 error(s), 0 left on base; Missouri 2 - Georgia 2
BOTTOM OF THE 11TH
Georgia Bulldogs batting - Pitching for Missouri Tigers : RHP Teddy Foster
Batting: RHB Tom Stoltz 0-0: Ball
1-0: Ball
2-0: Foul Ball, location: 2F
2-1: Ball
3-1: Swinging Strike
3-2: Base on Balls
Batting: SHB Jean-François St-Amant 0-0: Foul Ball, location: 2F
0-1: Called Strike
Tom Stoltz steals 2nd base
0-2: Ball
1-2: Ball
2-2: Foul Ball, location: 2F
2-2: Foul Ball, location: 2F
2-2: Foul Ball, location: 2F
2-2: Strikes out swinging
Batting: SHB Nate Harrington 0-0: Intentional Walk
Pitching: RHP Kenny Mills
Batting: RHB Chris Whittier 0-0: Grounds into double play, 5-4-3 (Groundball, 56)
Bottom of the 11th over - 0 run(s), 0 hit(s), 0 error(s), 1 left on base; Missouri 2 - Georgia 2
TOP OF THE 12TH
Missouri Tigers batting - Pitching for Georgia Bulldogs : RHP Norberto Pérez
Batting: RHB Alec Goodman 0-0: Called Strike
0-1: Ball
1-1: Called Strike
1-2: Foul Ball, location: 2F
1-2: Ground out 5-3 (Groundball, 56)
Batting: LHB Joe Hanson 0-0: Called Strike
0-1: Ball
1-1: Ball
2-1: Ball
3-1: Foul Ball, location: 2F
3-2: Base on Balls
Batting: RHB Norman Dye 0-0: Called Strike
0-1: Ball
Throwing error on steal attempt, E2
Joe Hanson to third
1-1: Fly out, F9 (Flyball, 9)
Runner from 3rd tags up, SCORES, no throw
Batting: RHB Sean White 0-0: Ball
1-0: Called Strike
1-1: Ball
2-1: Ball
3-1: Foul Ball, location: 2F
3-2: SINGLE (Line Drive, 34D)
Batting: LHB William Harris 0-0: Ball
1-0: Foul Ball, location: 2F
1-1: Ball
2-1: Ball
Sean White is caught stealing 2nd base
Top of the 12th over - 1 run(s), 1 hit(s), 1 error(s), 0 left on base; Missouri 3 - Georgia 2
BOTTOM OF THE 12TH
Georgia Bulldogs batting - Pitching for Missouri Tigers : RHP Kenny Mills
Batting: RHB Juan Cruz 0-0: Called Strike
0-1: Ball
1-1: Foul Ball, location: 2F
1-2: Ball
2-2: Fly out, F8 (Flyball, 8LD)
Batting: RHB Ángel Torres 0-0: Ball
1-0: Ground out 6-3 (Groundball, 6D)
Batting: LHB Sandro Márquez 0-0: Swinging Strike
0-1: Fly out, F9 (Line Drive, 9)
Bottom of the 12th over - 0 run(s), 0 hit(s), 0 error(s), 0 left on base; Missouri 3 - Georgia 2
Thursday, March 30th, 2017 - OOTP Baseball 17.12 Build 75